 Dungeon Crawl Stone Soup version 0.18-a0-1677-g2bdad6c (webtiles) character file.

190 4thArraOfDagon the Slasher (level 5, -2/41 HPs)
             Began as a Demigod Wanderer on Apr 2, 2016.
             Shot with an arrow by a centaur (5 damage)
             ... on level 5 of the Dungeon.
             The game lasted 00:08:35 (1664 turns).

4thArraOfDagon the Slasher (Demigod Wanderer)       Turns: 1664, Time: 00:08:35

Health: -2/41      AC:  7    Str: 16      XL:     5   Next: 17%
Magic:  9/9        EV: 11    Int: 20      God:
Gold:   222        SH:  0    Dex: 16 (17) Spells: 1 memorised, 5 levels left

rFire  + . .     SeeInvis .     j - +2 falchion (freeze)
rCold  + . .     Gourm    .     p - +0 ring mail
rNeg   . . .     Faith    .     (no shield)
rPois  +         Spirit   .     w - +0 helmet
rElec  +         Dismiss  .     k - +0 cloak
rCorr  +         Reflect  .     (no gloves)
SustAt +         Harm     .     (no boots)
MR     .....                    (no amulet)
Stlth  +.........               (no ring)
                                z - ring of poison resistance

@: brilliant, resistant, very slightly contaminated, invisible, not resistant to
hostile enchantments, very unstealthy
A: high mp 1, sustain attributes
a: no special abilities


You were on level 5 of the Dungeon.
You were not hungry.

You visited 1 branch of the dungeon, and saw 5 of its levels.

You collected 222 gold pieces.

Inventory:

Hand Weapons
 j - a +2 falchion of freezing (weapon)
Armour
 k - a +0 cloak (worn)
 p - a +0 ring mail (worn)
 w - a +0 helmet (worn)
Jewellery
 z - a ring of poison resistance (left hand)
Wands
 i - a wand of flame (17/48)
 u - a wand of slowing (28/48)
Scrolls
 c - a scroll of teleportation
 h - a scroll of amnesia {unknown}
 l - a scroll of recharging {unknown}
 m - a scroll of fear {unknown}
 o - a scroll of fog {unknown}
 r - a scroll of enchant armour {unknown}
 s - a scroll of remove curse {unknown}
 v - a scroll of identify {unknown}
 x - a scroll of enchant weapon {unknown}
 y - a scroll of magic mapping {unknown}
 C - a scroll of random uselessness {unknown}
Potions
 n - a potion of haste
 q - a potion of brilliance
Books
 a - a book of Minor Magic

   Spells                             Type                      Level
   a - Magic Dart                     Conjuration                  1
   b - Blink                          Translocation                2
   c - Call Imp                       Summoning                    2
   d - Repel Missiles                 Charms/Air                   2
   e - Slow                           Hexes                        2
   f - Conjure Flame                  Conjuration/Fire             3
   g - Mephitic Cloud                 Conjuration/Poison/Air       3
 b - the Handbook of the Blaze

   Spells                             Type                      Level
   a - Flame Tongue                   Conjuration/Fire             1
   b - Conjure Flame                  Conjuration/Fire             3
Comestibles
 d - a beef jerky
 f - 3 bread rations
 D - a meat ration


   Skills:
 + Level 2.0 Fighting
 * Level 3.2 Long Blades
 + Level 1.0 Armour
 + Level 1.0 Dodging
 - Level 1.7 Stealth
 - Level 1.0 Spellcasting
 - Level 0.8 Conjurations
   Level 1.7 Charms
   Level 1.7 Translocations
 - Level 0.8 Fire Magic
   Level 2.6 Air Magic


You had 5 spell levels left.
You knew the following spells:

 Your Spells              Type           Power        Failure   Level  Hunger
a - Flame Tongue          Conj/Fire      ###..        3%          1    ##.....


Dungeon Overview and Level Annotations

Branches:
Dungeon (5/15)
 Temple: D:4-7

Annotations:
D:3 Kidiri's ghost, weakling DEFE
D:4 Dowan; Duvessa


Innate Abilities, Weirdness & Mutations

You have an increased reservoir of magic (+10% MP).
Your attributes are resistant to harm.


Message History

Unknown command.
Unknown command.
The centaur wields an uncursed shortbow.
The centaur shoots an arrow.
Unknown command.
Unknown command.
The orc shouts!
The worker ant twitches its antennae in your direction.
Unknown command.
Unknown command.
Unknown command.
Unknown command.
Unknown command.
Unknown command.
Unknown command.
Unknown command.
The centaur shoots an arrow.
Unknown command.
The centaur shoots an arrow.
The arrow hits you.
You die...

..# #c.#
#..#############
#..#..........#####
#................#####
#..........o........#..
##.....c......(.........
#.....................#
#.............@......#
#....a...............#
#.....................#
#....................##
#.................<.##
#..................##
#.................##
...........##
....$.....##


You could see a centaur and an orc.

Vanquished Creatures
  An iguana (D:5)
  Jessica (D:2)
  An orc wizard (D:5)
  A howler monkey zombie (D:5)
  Robin (D:3)
  2 adders (D:2)
  A howler monkey skeleton (D:4)
  4 giant geckos
  5 orcs
  3 bats
  4 giant cockroaches
  19 goblins
  4 hobgoblins
  A giant newt (D:1)
  A kobold (D:2)
  6 rats
55 creatures vanquished.

Notes
Turn   | Place    | Note
--------------------------------------------------------------
     0 | D:1      | 4thArraOfDagon the Demigod Wanderer began the quest for the Orb.
     0 | D:1      | 4thArraOfDagon set off with: a book of Minor Magic, the Handbook of the Blaze, a scroll of teleportation, a +0 robe, a +0 dagger, a bread ration
     0 | D:1      | Reached XP level 1. HP: 14/14 MP: 4/4
     0 | D:1      | Identified the Handbook of the Blaze
     2 | D:1      | Learned a level 1 spell: Flame Tongue
   172 | D:3      | Noticed Kidiri's ghost (weakling DEFE)
   218 | D:4      | Reached XP level 2. HP: 20/20 MP: 5/5
   258 | D:3      | Reached skill level 1 in Long Blades
   299 | D:3      | Found a stormy altar of Qazlal.
   324 | D:5      | Entered Level 5 of the Dungeon
   353 | D:4      | Noticed Dowan
   354 | D:4      | Noticed Duvessa
   390 | D:3      | jacquesderrida: hi
   396 | D:3      | jacquesderrida: u bek
   414 | D:2      | jacquesderrida: and gasty
   454 | D:2      | jacquesderrida: it tiem to gast
   749 | D:2      | Reached XP level 3. HP: 27/27 MP: 6/6
   781 | D:2      | Noticed Jessica
   781 | D:2      | Reached skill level 1 in Fighting
   798 | D:2      | Reached skill level 2 in Long Blades
   799 | D:2      | Killed Jessica
  1018 | D:3      | Reached XP level 4. HP: 29/35 MP: 8/8
  1096 | D:3      | Noticed Robin
  1126 | D:3      | Killed Robin
  1351 | D:4      | Found an iron altar of Okawaru.
  1560 | D:5      | Reached skill level 3 in Long Blades
  1564 | D:5      | Reached skill level 1 in Armour
  1564 | D:5      | Reached skill level 1 in Dodging
  1564 | D:5      | Reached XP level 5. HP: 16/41 MP: 9/9
  1574 | D:5      | Noticed an orc warrior
  1608 | D:5      | Found a glowing golden altar of the Shining One.
  1643 | D:5      | Noticed a centaur
  1653 | D:5      | HP: 1/41 [centaur (3)]
  1654 | D:5      | :O
  1664 | D:5      | Shot with an arrow by a centaur

Vault maps used:
D:1:      dpeg_arrival_arbitrary_c
D:2:      lemuel_blue_sif_altar, uniq_sigmund, uniq_natasha, uniq_jessica
D:3:      grunt_qazlal_clouds, uniq_robin
D:4:      nicolae_overflow_hidden_temple, minmay_temple_entry_fiery,
          first_bread, okawaru_trees_1, uniq_duvessa
D:5:      tso_oasis_becter

Skill      XL: |  1  2  3  4 |
---------------+-------------+-----
Long Blades    | 1 2 3 |  3.2
Fighting       | 1 2 |  2.0
Armour         | 1 |  1.0
Dodging        | 1 |  1.0
Stealth        | |  1.7
Spellcasting   | |  1.0
Conjurations   | |  0.8
Charms         | |  1.7
Translocations | |  1.7
Fire Magic     | |  0.8
Air Magic      | |  2.6

Action                   |  1- 3 |  4- 6 || total
-------------------------+-------+-------++-------
Melee: Dagger            |    23 |       ||    23
       Falchion          |    65 |    72 ||   137
 Cast: Flame Tongue      |     5 |       ||     5
Evoke: Wand              |     1 |     2 ||     3
  Use: Potion            |     1 |     6 ||     7
       Scroll            |     1 |     4 ||     5
 Stab: Sleeping          |     1 |       ||     1
  Eat: Chunk             |       |     3 ||     3
